 Dungeon Crawl Stone Soup version 0.24-a0-358-g53aee78b01 (webtiles) character file.

Game seed: 3654768788233412107

15848 wont the Severer (level 12, -1/106 HPs)
             Began as a Deep Dwarf Gladiator on May 25, 2019.
             Was an Elder of Makhleb.
             Slain by a freezing wraith (21 damage)
             ... on level 11 of the Dungeon.
             The game lasted 00:21:22 (7632 turns).

wont the Severer (Deep Dwarf Gladiator)             Turns: 7632, Time: 00:21:22

Health: -1/106     AC: 17    Str: 23    XL:     12   Next: 4%
Magic:  13/15 (6)  EV: 10    Int:  9    God:    Makhleb [****..]
Gold:   313        SH:  3    Dex: 12    Spells: 11/11 levels left

rFire    . . .     SeeInvis .   D - +4 war axe
rCold    . . .     Gourm    .   t - +0 buckler
rNeg     . . .     Faith    .   O - +0 chain mail
rPois    .         Spirit   .   s - +2 helmet
rElec    .         Reflect  .   d - +0 cloak
rCorr    .         Harm     .   (no gloves)
MR       +....                  K - +0 pair of boots
Stlth    ..........             Z - amulet of magic regeneration
HPRegen  0.00/turn              Y - ring of magical power
MPRegen  0.39/turn              Q - -2 ring of dexterity (curse)

@: non-regenerating, slowed, very slow
A: damage resistance, heal wounds, sense surroundings 2, no regeneration
a: Heal Wounds, Minor Destruction, Lesser Servant of Makhleb, Major Destruction,
Renounce Religion


You were on level 11 of the Dungeon.
You worshipped Makhleb.
Makhleb was greatly pleased with you.
You were not hungry.

You visited 2 branches of the dungeon, and saw 12 of its levels.

You collected 729 gold pieces.
You spent 416 gold pieces at shops.

Inventory:

Hand Weapons
 c - a +3 scimitar of flaming
 j - a +0 battleaxe
 D - a +4 war axe (weapon)
 I - the +9 long sword of Spite {holy, rC++ Str+3}
   (You found it on level 9 of the Dungeon)

   It has been blessed by the Shining One to cause great damage to the undead
   and demons.
   It affects your strength (+3).
   It greatly protects you from cold.
 N - a +4 spear of piercing
Missiles
 q - 19 poisoned darts (quivered)
 y - 7 boomerangs
Armour
 d - a +0 cloak (worn)
 n - a +0 ring mail
 s - a +2 helmet (worn)
 t - a +0 buckler (worn)
 H - a +3 leather armour of fire resistance
 K - a +0 pair of boots (worn)
 L - a +3 ring mail
 O - a +0 chain mail (worn)
Jewellery
 g - an uncursed ring of wizardry
 k - an uncursed ring of protection from magic
 v - a +2 ring of strength
 Q - a cursed -2 ring of dexterity (right hand)
 U - an uncursed amulet of the gourmand
 Y - a ring of magical power (left hand)
 Z - an amulet of magic regeneration (around neck)
Wands
 F - a wand of flame (34)
 G - a wand of iceblast (18)
 T - a wand of random effects (8)
 X - a wand of paralysis (6)
Scrolls
 b - a scroll of random uselessness {unknown}
 h - 3 scrolls of teleportation
 o - a scroll of amnesia
 B - a scroll of blinking
 J - 3 scrolls of identify
 P - 2 scrolls of magic mapping
 R - a scroll of enchant weapon
 S - a scroll of fear
 W - a scroll of enchant armour
Potions
 e - a potion of might
 i - 5 potions of ambrosia {unknown}
 m - 4 potions of curing
 p - 5 potions of agility
 r - 2 potions of heal wounds {unknown}
 u - 2 potions of cancellation {unknown}
 w - a potion of brilliance {unknown}
 x - 2 potions of mutation {unknown}
 z - 4 potions of haste
 A - a potion of invisibility {unknown}
 C - 2 potions of lignification
 M - 2 potions of flight
 V - a potion of berserk rage
Comestibles
 a - 10 chunks of flesh
 f - 19 rations


   Skills:
 + Level 6.7 Fighting
 * Level 16.4 Axes
 - Level 1.7 Throwing
 + Level 9.2 Armour
 + Level 5.4 Dodging
 - Level 2.1 Stealth
 + Level 1.4 Evocations


You had 11 spell levels left.
You didn't know any spells.
Your spell library contained the following spells:

 Spells                   Type           Power        Failure   Level  Hunger
 Sublimation of Blood     Necr           #.........   99%         2    ###....
 Ignite Poison            Fire/Tmut/Pois #.......     100%        3    ####...
 Animate Dead             Necr           N/A          100%        4    #####..
 Petrify                  Tmut/Erth      #.......     100%        4    #####..
 Summon Ice Beast         Ice/Summ       #.......     100%        4    #####..
 Alistair's Intoxication  Tmut/Pois      #.......     100%        5    ######.
 Irradiate                Conj/Tmut      #.........   100%        5    ######.
 Summon Demon             Summ           #.........   100%        5    ######.
 Summon Hydra             Summ           #.........   100%        7    #######


Dungeon Overview and Level Annotations

Branches:
Dungeon (11/15)            Temple (1/1) D:5            Lair (0/6) D:8
    Orc (0/2) D:10

Altars:
Ashenzari
Cheibriados
Dithmenos
Elyvilon
Fedhas
Gozag
Hepliaklqana
Kikubaaqudgha
Makhleb
Nemelex Xobeh
Okawaru
Qazlal
Ru
Sif Muna
Trog
Uskayaw
Vehumet
Wu Jian
Xom
Zin
The Shining One

Shops:
D:2 *   D:9 !


Innate Abilities, Weirdness & Mutations

You are resistant to damage.
You can heal yourself by infusing magical energy.
You passively map the area around you.
You do not regenerate.


Message History

You see here a +1 scimitar of flaming.
Things that are here:
a +1 scimitar of flaming; a +0 giant club x2
You slash the freezing wraith!
The freezing wraith is lightly damaged.
You barely miss the freezing wraith.
The freezing wraith is lightly damaged.
The freezing wraith barely misses you. The freezing wraith hits you.
The freezing wraith drains your vigour!
You feel yourself slow down. The eye of draining gazes at you.
You feel your power leaking away.
You slice the freezing wraith!!
The freezing wraith is severely damaged.
The freezing wraith hits you! The freezing wraith freezes you!!
* * * LOW HITPOINT WARNING * * *
The freezing wraith hits you but does no damage.
You hit the freezing wraith.
The freezing wraith is severely damaged.
The freezing wraith hits you. The freezing wraith freezes you!!
You die...

*, , * , , * , , , *
,*... .. , , , , #.# ,.#
# ,, , # #..# .. .. ,, #.
.#.#*.#. , * #.#.#*
........ #.#.W###.##G#.#
* * * #. ,..... #..# ,*,,
* ####.####.####@####.##
, , ,,
,,.....(..())[)W.......%
, ,, ,
..................... , ,
# ,.##.....####...#####
#######(..()####...#* ,,
..........(.......... , *
............†......... ,*
*
.......................,*
* .......................
* , *


You could see a freezing wraith and an eye of draining.

Vanquished Creatures
  6 two-headed ogres
  A centaur warrior (D:11)
  An unseen horror (D:10)
  A manticore (D:11)
  A cyclops (D:11)
  Maurice (D:10)
  A centaur skeleton (D:11)
  Psyche (D:10)
  2 gargoyles (D:10)
  3 efreet (D:11)
  A troll (D:11)
  A tengu conjurer (D:11)
  A hornet (D:10)
  2 hippogriffs
  A vampire (D:11)
  A wyvern (D:11)
  11 yaks
  A shadow (D:11)
  2 hungry ghosts
  A water moccasin (D:5)
  Duvessa (D:4)
  2 ice beasts (D:9)
  2 orc warriors
  4 sky beasts
  An ogre (D:7)
  A necrophage (D:5)
  6 centaurs
  2 big kobolds
  4 bullfrogs
  A gnoll sergeant (D:10)
  Dowan (D:4)
  12 wights
  6 howler monkeys
  5 bullfrog zombies
  5 crimson imps
  A centaur zombie (D:10)
  8 orc priests
  4 jellies
  4 hounds
  4 bullfrog skeletons
  Terence (D:2)
  Natasha (D:2)
  8 orc wizards
  Ijyb (D:4)
  4 iguanas
  9 worker ants
  2 hound skeletons (D:4)
  Robin (D:2)
  A howler monkey zombie (D:8)
  13 gnolls
  A howler monkey skeleton (D:8)
  2 worker ant zombies
  10 adders
  2 adder skeletons
  3 worms
  5 dart slugs
  4 leopard geckos
  59 orcs
  A ball python (D:2)
  3 giant cockroaches
  14 goblins
  7 hobgoblins
  7 jackals
  3 kobolds
  4 quokkas
  A ball python zombie (D:5)
  7 bats
  9 frilled lizards (D:2)
  A leopard gecko skeleton (D:6)
  2 quokka skeletons
  8 rats
308 creatures vanquished.

Vanquished Creatures (others)
  A howler monkey (D:10)
  An orc (D:11)
2 creatures vanquished.

Grand Total: 310 creatures vanquished

Notes
Turn   | Place    | Note
-------+----------+-------------------------------------------
     0 | D:1      | wont the Deep Dwarf Gladiator began the quest for the Orb.
     0 | D:1      | Reached XP level 1. HP: 19/19 MP: 1/1
   120 | D:1      | Reached XP level 2. HP: 17/26 MP: 2/2
   831 | D:2      | Found Gozag's Platinum Reserve.
   833 | D:2      | Found an opulent altar of Gozag.
   869 | D:2      | Reached skill level 4 in Axes
   869 | D:2      | Reached skill level 1 in Armour
   869 | D:2      | Reached XP level 3. HP: 19/32 MP: 3/3
   905 | D:2      | Found a sacrificial altar of Ru.
   983 | D:2      | Noticed Robin
   995 | D:2      | Killed Robin
   995 | D:2      | Reached XP level 4. HP: 37/39 MP: 4/4
  1112 | D:2      | Noticed Terence
  1122 | D:2      | Killed Terence
  1122 | D:2      | Reached skill level 5 in Axes
  1177 | D:2      | Noticed Natasha
  1187 | D:2      | Killed Natasha
  1220 | D:2      | Reached XP level 5. HP: 20/45 MP: 5/5
  1610 | D:3      | Reached skill level 6 in Axes
  1738 | D:3      | Found a shadowy altar of Dithmenos.
  2076 | D:4      | Reached XP level 6. HP: 33/52 MP: 6/6
  2285 | D:4      | Noticed Ijyb
  2294 | D:4      | Killed Ijyb
  2372 | D:4      | Reached skill level 7 in Axes
  2592 | D:4      | Reached skill level 1 in Stealth
  2611 | D:4      | Noticed Dowan
  2636 | D:4      | Killed Dowan
  2643 | D:4      | Noticed Duvessa
  2675 | D:4      | Killed Duvessa
  2675 | D:4      | Reached XP level 7. HP: 42/61 MP: 6/6
  2759 | D:5      | Entered Level 5 of the Dungeon
  2822 | D:5      | Reached skill level 8 in Axes
  2850 | D:5      | Reached skill level 9 in Axes
  2850 | D:5      | Reached XP level 8. HP: 38/68 MP: 7/7
  3045 | D:5      | Found a staircase to the Ecumenical Temple.
  3054 | Temple   | Entered the Ecumenical Temple
  3488 | D:6      | Found a hazy altar of Hepliaklqana.
  3831 | D:6      | Reached skill level 10 in Axes
  4344 | D:7      | Found a burning altar of Makhleb.
  4351 | D:7      | Became a worshipper of Makhleb the Destroyer
  4372 | D:7      | Noticed a hippogriff
  4385 | D:7      | Killed a hippogriff
  4410 | D:7      | Gained mutation: You passively map the area around you.
                  | [Deep Dwarf growth]
  4410 | D:7      | Reached XP level 9. HP: 43/78 MP: 8/8
  4882 | D:7      | Reached skill level 11 in Axes
  5068 | D:8      | Noticed a two-headed ogre
  5089 | D:8      | Noticed a two-headed ogre
  5100 | D:8      | Killed a two-headed ogre
  5100 | D:8      | Reached skill level 5 in Armour
  5164 | D:8      | Found a staircase to the Lair.
  5193 | D:8      | Reached skill level 12 in Axes
  5364 | D:8      | Killed a two-headed ogre
  5364 | D:8      | Reached skill level 5 in Dodging
  5364 | D:8      | Reached XP level 10. HP: 65/87 MP: 8/8
  5475 | D:8      | Reached skill level 13 in Axes
  5692 | D:9      | Reached * piety under Makhleb
  5874 | D:9      | Found an ancient bone altar of Kikubaaqudgha.
  5963 | D:9      | Identified the +9 long sword of Spite {holy, rC++ Str+3}
                  | (You found it on level 9 of the Dungeon)
  6041 | D:9      | Found Peisueprel's Distillery.
  6090 | D:9      | Noticed a two-headed ogre
  6104 | D:9      | Killed a two-headed ogre
  6104 | D:9      | Reached skill level 5 in Fighting
  6104 | D:9      | Reached skill level 14 in Axes
  6171 | D:9      | Noticed a two-headed ogre
  6182 | D:9      | Killed a two-headed ogre
  6182 | D:9      | Reached ** piety under Makhleb
  6286 | D:9      | Identified the Tome of the Tundras
  6311 | D:9      | Found a bloodstained altar of Trog.
  6476 | D:9      | Found a glowing golden altar of the Shining One.
  6517 | D:9      | Bought a potion of might for 52 gold pieces
  6517 | D:9      | Bought a potion of flight for 39 gold pieces
  6517 | D:9      | Bought 2 potions of haste for 260 gold pieces
  6517 | D:9      | Bought a potion of berserk rage for 65 gold pieces
  6524 | D:10     | Entered Level 10 of the Dungeon
  6531 | D:10     | Noticed Psyche
  6539 | D:10     | Killed Psyche
  6539 | D:10     | Reached XP level 11. HP: 90/96 MP: 8/8
  6595 | D:10     | Found a staircase to the Orcish Mines.
  6834 | D:10     | Noticed a two-headed ogre
  6860 | D:9      | Reached *** piety under Makhleb
  6882 | D:10     | Killed a two-headed ogre
  6882 | D:10     | Reached skill level 15 in Axes
  7162 | D:10     | Killed an unseen horror
  7324 | D:10     | Noticed Maurice
  7338 | D:10     | Killed Maurice
  7500 | D:11     | Noticed a centaur warrior
  7502 | D:11     | HP: 2/97 [cyclops (13)]
  7516 | D:11     | Killed a centaur warrior
  7516 | D:11     | Reached skill level 1 in Evocations
  7518 | D:11     | Identified the cursed +1 scimitar "Dottisud" {pain, SInv}
  7521 | D:11     | Reached skill level 16 in Axes
  7569 | D:11     | Reached **** piety under Makhleb
  7572 | D:11     | Noticed a two-headed ogre
  7581 | D:11     | Killed a two-headed ogre
  7581 | D:11     | Reached XP level 12. HP: 73/106 MP: 6/6
  7632 | D:11     | Slain by a freezing wraith

Levels and vault maps discovered:
D:1:      roderic_octagonal_star, layout_basic
D:2:      layout_basic, nicolae_ru_sacrificial_ziggurat,
          yredelemnul_forgotten_temple_becter, nicolae_gozag_zags_fifth_avenue,
          minmay_lizard_king, uniq_terence, uniq_robin, uniq_natasha
D:3:      layout_basic, grunt_dithmenos_smoke_and_mirrors
D:4:      layout_loops_ring, first_ration, minmay_cupped, uniq_ijyb,
          uniq_duvessa
D:5:      layout_rooms, minmay_temple_entry_arrows
D:6:      minmay_evil_eye, layout_loops_ring, basic_altar
D:7:      layout_loops_cross, lightli_temple_of_fire
D:8:      nicolae_whirlpool, layout_rooms, lair_entry_dummy
D:9:      layout_roguey, bloody_trog, tso_altar, serial_shops, shop_fountains,
          blue_anna_alchemist [blue_anna_fruit_fields, blue_anna_fruit_fields],
          tgw_kikubaaqudgha
D:10:     layout_irregular_city, hiddenorc2_lemuel, uniq_maurice, uniq_psyche
D:11:     minmay_the_grid_square_5x5_5x5_mashed
          [minmay_the_grid_square_5x5_misaligned,
          minmay_the_grid_square_5x5_two, minmay_the_grid_square_5x5_longway,
          minmay_the_grid_square_5x5_hourglass,
          minmay_the_grid_square_5x5_checkered_sparse,
          minmay_the_grid_square_5x5_seven,
          minmay_the_grid_square_5x5_prize_junk,
          minmay_the_grid_square_5x5_inner_z,
          minmay_the_grid_square_5x5_prize_itemx,
          minmay_the_grid_square_5x5_slash, minmay_the_grid_square_5x5_bridge,
          minmay_the_grid_square_5x5_plus,
          minmay_the_grid_square_5x5_prize_open,
          minmay_the_grid_square_5x5_inverted_slash,
          minmay_the_grid_square_5x5_broken_cross,
          minmay_the_grid_square_5x5_tetrominoes,
          minmay_the_grid_square_5x5_prize_pseudospiral,
          minmay_the_grid_square_5x5_v,
          minmay_the_grid_square_5x5_prize_snowflake,
          minmay_the_grid_square_5x5_almost_minimal,
          minmay_the_grid_square_5x5_spiral_small,
          minmay_the_grid_square_5x5_checkered, minmay_the_grid_square_5x5_tie,
          minmay_the_grid_square_5x5_two_walls_a,
          minmay_the_grid_square_5x5_n_small], layout_gridville, special_room
          [special_room_orc]
Temple:   eino_temple_scatter_basement

Skill      XL: |  1  2  3  4  5  6  7  8  9 10 11 |
---------------+----------------------------------+-----
Axes           | 4 5 6 7 9 10 12 14 16 | 16.4
Armour         | 1 2 3 4 5 7 9 |  9.2
Fighting       | 2 3 4 5 6 |  6.7
Dodging        | 4 5 |  5.4
Stealth        | 1 2 |  2.1
Evocations     | 1 |  1.4
Throwing       | |  1.7

Action                   |  1- 3 |  4- 6 |  7- 9 | 10-12 || total
-------------------------+-------+-------+-------+-------++-------
Melee: War axe           |    63 |   185 |   267 |   400 ||   915
       Battleaxe         |       |       |     9 |       ||     9
Throw: Dart              |       |    11 |     1 |       ||    12
       Throwing net      |       |       |     2 |     4 ||     6
 Abil: Heal Wounds       |     1 |     4 |     9 |    17 ||    31
Evoke: Wand              |       |       |       |    10 ||    10
  Use: Scroll            |       |       |     9 |     5 ||    14
       Potion            |       |       |       |     5 ||     5
 Stab: Held in net/web   |       |       |     2 |     1 ||     3
  Eat: Chunk             |       |     6 |     5 |    27 ||    38
       Ration            |       |       |     1 |       ||     1
Armor: Leather armour    |     3 |       |       |       ||     3
       Ring mail         |     3 |       |       |       ||     3
       Scale mail        |    26 |    67 |   102 |     9 ||   204
       Chain mail        |       |       |       |   213 ||   213
Dodge: Dodged            |    58 |    97 |   158 |   180 ||   493
Block: Buckler           |       |    30 |    40 |    42 ||   112

Table legend:
 A = Non-vault XP
 B = Vault XP
 C = Vault XP percentage of total XP
 D = Non-vault monster count
 E = Vault monster count
 F = Vault count percentage of total count
                 A         B        C        D         E       F
            +---------+---------+-------+---------+---------+-------
      Total |   15219 |    7421 |  32.8 |     223 |      86 |  27.8
            +---------+---------+-------+---------+---------+-------
        D:1 |      29 |       0 |   0.0 |      13 |       0 |   0.0
        D:2 |      48 |     122 |  71.8 |      14 |      23 |  62.2
        D:3 |     170 |       0 |   0.0 |      32 |       0 |   0.0
        D:4 |     244 |     240 |  49.6 |       9 |       3 |  25.0
        D:5 |     842 |       0 |   0.0 |      24 |       0 |   0.0
        D:6 |     498 |     136 |  21.5 |      19 |       2 |   9.5
        D:7 |     758 |       0 |   0.0 |      11 |       0 |   0.0
        D:8 |    2747 |     236 |   7.9 |      26 |       2 |   7.1
        D:9 |    4482 |     104 |   2.3 |      38 |       1 |   2.6
       D:10 |    4528 |    1194 |  20.9 |      32 |      34 |  51.5
       D:11 |     873 |    5389 |  86.1 |       5 |      21 |  80.8
            +---------+---------+-------+---------+---------+-------
